 Dungeon Sprint DCSS version 0.18-a0-1372-gd644665 (webtiles) character file.

0 namelastname112 the Chopper (level 2, -3/34 HPs)
             Began as a Demonspawn Gladiator on Feb 21, 2016.
             Was an Initiate of Makhleb.
             Slain by a phantom (7 damage)
             ... in the Dungeon (Sprint VI: "Thunderdome").
             The game lasted 00:00:42 (50 turns).

namelastname112 the Chopper (Demonspawn Gladiator)    Turns: 50, Time: 00:00:43

Health: -3/34      AC:  4    Str: 20    XL:     2   Next: 3%
Magic:  1/3        EV: 13    Int:  9    God:    Makhleb [......]
Gold:   200        SH:  0    Dex: 13    Spells: 0 memorised, 1 level left

rFire  . . .     SeeInvis .     a - +0 war axe
rCold  . . .     Gourm    .     b - +0 leather armour
rNeg   . . .     Faith    .     (no shield)
rPois  .         Spirit   .     c - +0 helmet
rElec  .         Dismiss  .     (no cloak)
rCorr  .         Reflect  .     (no gloves)
SustAt .         Harm     .     (no boots)
MR     .....     NoTele   +     (no amulet)
Stlth  ..........               (no ring)
                                (no ring)

@: berserking (expiring), very quick, not resistant to hostile enchantments,
extremely unstealthy
A: claws 1
a: Renounce Religion


You were in the Dungeon.
You worshipped Makhleb.
Makhleb was noncommittal.
You were not hungry.

You visited 1 branch You collected 200 gold pieces.

Inventory:

Hand Weapons
 a - a +0 war axe (weapon)
Missiles
 d - 3 throwing nets (quivered)
Armour
 b - a +0 leather armour (worn)
 c - a +0 helmet (worn)
Wands
 m - a wand of acid (5/15)
 n - a wand of iceblast (5/15)
Scrolls
 k - 4 scrolls of blinking
 o - 3 scrolls of fog
Potions
 e - a potion of curing
 g - 4 potions of heal wounds
 h - 4 potions of haste
 i - 2 potions of magic
 l - a potion of resistance
Comestibles
 f - a bread ration


   Skills:
 + Level 2.4 Fighting
 * Level 3.4 Axes
 - Level 1.7 Throwing
 + Level 1.1 Armour
 + Level 3.1 Dodging
 + Level 1.8 Invocations


You had one spell level left.
You didn't know any spells.

Dungeon Overview and Level Annotations

Branches:
Dungeon (1/1)

Altars:
Cheibriados
Dithmenos
Fedhas
Gozag
Kikubaaqudgha
Makhleb
Okawaru
Pakellas
Ru
Sif Muna
Trog
Vehumet
Xom
Yredelemnul
Zin
The Shining One
Jiyva
Lugonu

Shops:
D *[%??*?*:[((


Innate Abilities, Weirdness & Mutations

You have sharp fingernails.


Message History

You barely miss the phantom.
The phantom is moderately damaged.
The phantom completely misses you.
You closely miss the phantom.
The phantom is moderately damaged.
You slash the phantom!
The phantom is heavily damaged.
The phantom hits you.
* * * LOW HITPOINT WARNING * * *
You closely miss the phantom.
The phantom is heavily damaged.
The phantom hits you but does no damage.
You miss the phantom.
The phantom is heavily damaged.
The phantom hits you!
* * * LOW HITPOINT WARNING * * *
You barely miss the phantom.
The phantom is heavily damaged.
The phantom hits you!
You die...

##### ##⌠⌠⌠## #.....#
##.....## ##∩.....∩##
#∩.......∩# #_......._#
#_...W....# #_...@†.._#
###.........###
#⌠...........⌠#
######.8.........8.#
#∩___......###......__
∩........8.# #.8......
...........###.........
........###...###......
........# #.<.# .....


You could see a phantom.

Vanquished Creatures
  An adder (D)
1 creature vanquished.

Notes
Turn   | Place    | Note
--------------------------------------------------------------
     0 | D        | namelastname112 the Demonspawn Gladiator began the quest for the Orb.
     0 | D        | Reached XP level 1. HP: 16/16 MP: 1/1
     3 | D        | Found a deep blue altar of Sif Muna.
     4 | D        | Found a shadowy altar of Dithmenos.
     4 | D        | Found a blossoming altar of Fedhas.
     5 | D        | Found an opulent altar of Gozag.
     5 | D        | Found a radiant altar of Vehumet.
     5 | D        | Round 1.
     6 | D        | Found a snail-covered altar of Cheibriados.
     6 | D        | Found Okentamp's Weapon Rack.
     6 | D        | Found Yppum's Premium Goods.
     7 | D        | Found Tarusary's Basic Armour.
     7 | D        | Found Roshianta's Miscellaneous Merchandise.
    10 | D        | Found a glowing silver altar of Zin.
    11 | D        | Found an iron altar of Okawaru.
    12 | D        | Found Wimus's Identification Station.
    12 | D        | Found a shimmering altar of Xom.
    12 | D        | Found a glowing golden altar of the Shining One.
    12 | D        | Found a corrupted altar of Lugonu.
    12 | D        | Found Cude's Bee Food.
    13 | D        | Found Dulib's Advanced Armour.
    13 | D        | Found Qyefojye's Jewellery.
    16 | D        | Found an oddly glowing altar of Pakellas.
    17 | D        | Found a basalt altar of Yredelemnul.
    18 | D        | Found an ancient bone altar of Kikubaaqudgha.
    18 | D        | Noticed a phantom
    19 | D        | Found Joun's Magic Scroll Shop.
    20 | D        | Found a burning altar of Makhleb.
    20 | D        | Found a viscous altar of Jiyva.
    20 | D        | Found Deloipu's Staff Store.
    20 | D        | Found Femaokk's Magic Scroll Shop.
    20 | D        | Found Losiho's Must-Have Magic.
    24 | D        | Found a bloodstained altar of Trog.
    25 | D        | Found a sacrificial altar of Ru.
    28 | D        | Became a worshipper of Makhleb the Destroyer
    42 | D        | Reached skill level 3 in Axes
    42 | D        | Reached skill level 1 in Armour
    42 | D        | Reached skill level 1 in Invocations
    42 | D        | Gained mutation: You have sharp fingernails. [demonic ancestry]
    42 | D        | Reached XP level 2. HP: 13/23 MP: 1/3
    50 | D        | Slain by a phantom

Vault maps used:
D:        arena_sprint

Action                   || total
-------------------------++-------
Melee: War axe           ||    12
  Use: Potion            ||     1
